 Dungeon Crawl Stone Soup version 0.30-a0-1018-g25214051b3 (webtiles) character file.

Game seed: 7807623666066610170

2439 ThatPearl the Insei (level 9, -6/76 HPs)
             Began as a Purple Draconian Transmuter on Apr 8, 2023.
             Was a Believer of Dithmenos.
             Killed from afar by Maggie (21 damage)
             ... with a bolt of fire
             ... on level 6 of the Dungeon.
             The game lasted 00:23:00 (5934 turns).

ThatPearl the Insei (Purple Draconian Transmuter)   Turns: 5934, Time: 00:23:01

Health: -6/76      AC:  7    Str: 12    XL:     9   Next: 25%
Magic:  17/20      EV: 10    Int: 24    God:    Dithmenos [**....]
Gold:   322        SH:  5    Dex: 12    Spells: 3/22 levels left

rFire   x . .      SeeInvis .      - Unarmed
rCold   + + +      Faith    .    (shield currently unavailable)
rNeg    + . .      Spirit   .    (body armour unavailable)
rPois   +          Reflect  +    (helmet currently unavailable)
rElec   .          Rampage  .    o - melded scarf {shadows}
rCorr   .                        w - melded +0 pair of gloves
Will    +....                    (boots currently unavailable)
Stlth   +                        i - amulet of reflection
HPRegen 0.32/turn                j - ring of positive energy
MPRegen 0.17/turn                m - +6 ring of intelligence

@: ice-form, mesmerised, wreathed by umbra
A: freezing attack, amphibious, boosted hp, (breathe power), AC +7, large,
unfitting armour, (cold-blooded)
a: End Transformation, Renounce Religion, Shadow Step


You were on level 6 of the Dungeon.
You worshipped Dithmenos.
Dithmenos was pleased with you.
You were a creature of crystalline ice.
You visited 1 branch of the dungeon, and saw 6 of its levels.
You also visited: Sewer.

You collected 322 gold pieces.

Inventory:

Hand Weapons
 l - a +2 dagger of venom
Missiles
 h - 39 stones
 q - 6 poisoned darts
 v - a throwing net
Armour
 o - a scarf of shadows (melded)
 w - a +0 pair of gloves (melded)
 x - a +0 hat
 z - a +0 cloak
Magical Staves
 c - a staff of cold
Jewellery
 i - an amulet of reflection (around neck)
 j - a ring of positive energy (left front paw)
 m - a +6 ring of intelligence (right front paw)
 y - a ring of ice
Wands
 p - a wand of iceblast (10)
 u - a wand of flame (58)
Scrolls
 b - 6 scrolls of teleportation {unknown}
 g - a scroll of poison
 n - a scroll of blinking
 t - 2 scrolls of fear {unknown}
 B - a scroll of noise {unknown}
Potions
 a - 2 potions of lignification
 d - 2 potions of mutation
 e - 5 potions of cancellation
 f - 3 potions of curing
 k - 2 potions of heal wounds
 r - a potion of might
 s - 3 potions of haste
 A - a potion of flight {unknown}


   Skills:
 - Level 1.1 Fighting
 - Level 1.7 Dodging
 + Level 7.6 Unarmed Combat
 + Level 7.4 Spellcasting
 + Level 6.6 Transmutations
 + Level 4.8 Air Magic


You had 3 spell levels left.
You knew the following spells:

 Your Spells              Type           Power      Damage    Failure   Level
a - Beastly Appendage     Tmut           80%        N/A       1%          1
d - Mephitic Cloud        Conj/Pois/Air  16%        N/A       11%         3
f - Freezing Cloud        Conj/Ice/Air   8%         6-21      69%         5
i - Ice Form              Ice/Tmut       24%        N/A       17%         4
p - Passwall              Tmut/Erth      20%        N/A       2%          2
v - Poisonous Vapours     Pois/Air       40%        N/A       3%          2
w - Wereblood             Tmut           40%        N/A       1%          2

Your spell library contained the following spells:

 Spells                   Type           Power      Damage    Failure   Level
 Swiftness                Air            32%        N/A       2%          3
 Spider Form              Tmut/Pois      24%        N/A       5%          3
 Necrotise                Necr           32%        1d5       7%          1
 Ensorcelled Hibernation  Hex/Ice        16%        N/A       11%         2
 Vampiric Draining        Necr           8%         2d6       21%         3
 Agony                    Necr           8%         N/A       88%         5


Dungeon Overview and Level Annotations

Branches:
Dungeon (6/15)              Sewer (visited)
 Temple: D:4-7

Altars:
Ashenzari
Dithmenos
Elyvilon
Hepliaklqana
Kikubaaqudgha
Trog
Uskayaw

Shops:
D:5 :

Annotations:
D:5 1 runed translucent door, mandoloar's ghost, novice OpTm
D:6 Maggie


Innate Abilities, Weirdness & Mutations

You are a creature of crystalline ice.
You have a powerful freezing melee attack.
You are amphibious.
Your maximum health is increased.
Your armour is entirely melded.
You are incapable of wielding weapons or throwing items.
((You can breathe bolts of dispelling energy.))
((Your rich purple scales are hard. (AC +7)))
You cannot fit into any form of body armour.
((You are cold-blooded and may be slowed by cold attacks.))


Message History

You hit Maggie but do no damage.
Maggie is lightly wounded.
Maggie casts a spell at you. The bolt of fire hits you!!
The fire burns you terribly!
You hit Maggie. You freeze Maggie.
Maggie is lightly wounded.
You punch Maggie! You freeze Maggie.
Maggie is heavily wounded.
Maggie barely misses you.
You hit Maggie. You freeze Maggie.
Maggie is heavily wounded.
Maggie mumbles some strange words.
Maggie draws you further into her thrall.
You hit Maggie but do no damage.
Maggie is heavily wounded.
Maggie shouts, "Leave me alone!"
Maggie barely misses you.
You hit Maggie. You freeze Maggie.
Maggie is heavily wounded.
Maggie hits you with a +0 war axe of pain.
You writhe in agony.
You hit Maggie but do no damage.
Maggie is heavily wounded.
Maggie casts a spell.
Maggie draws you further into her thrall.
You pummel Maggie!! You freeze Maggie!
Maggie is almost dead.
You hit Maggie but do no damage.
Maggie is almost dead.
You block Maggie's attack.
You hit Maggie but do no damage.
Maggie is almost dead.
Maggie gestures at you while chanting. The bolt of fire hits you!!
The fire burns you terribly!
* * * LOW HITPOINT WARNING * * *
You barely miss Maggie.
Maggie is almost dead.
Maggie gestures at you while chanting. The bolt of fire hits you!!
The fire burns you terribly!
You die...

........# #......#
#.......# #......#
#.......# #......#
.@ #.......#
#......###### #.
#.......#
#...........# #.
#########
#...........# #. #
#...........# #.
#...........# #
###.Y.........# #
#....@.........# #
#.##...........# # #
#.......[...# #
#....[).....#######
#....)[............
##................##
#........#..........
#.................#.


You could see Maggie (mesmerising).

Vanquished Creatures
  Pikel (D:5)
  Sigmund (D:3)
  Edmund (D:5)
  An ice beast (D:6)
  2 black bears
  An ogre (D:4)
  A centaur (D:5)
  A phantom (D:5)
  4 lemures (D:5)
  5 scorpions
  3 wights (D:4)
  A howler monkey (D:6)
  3 jellies
  3 orc priests
  4 iguanas
  5 orc wizards
  2 sleepcaps
  3 gnolls (D:6)
  7 adders
  2 river rats
  A shadow imp (D:6)
  An ufetubus (D:5)
  28 orcs
  8 ball pythons
  16 endoplasms
  7 giant cockroaches
  6 goblins
  5 hobgoblins
  5 quokkas
  2 bats
  8 frilled lizards
  11 kobolds
  10 rats
159 creatures vanquished.

Vanquished Creatures (others)
  23 plants (D:4)
  A withered plant (D:4)
24 creatures vanquished.

Grand Total: 183 creatures vanquished

Notes
Turn   | Place    | Note
-------+----------+-------------------------------------------
     0 | D:1      | ThatPearl the Draconian Transmuter began the quest for the
                  | Orb.
     0 | D:1      | Reached XP level 1. HP: 16/16 MP: 3/3
   235 | D:1      | Reached XP level 2. HP: 22/23 MP: 3/5
   466 | D:1      | Found a faded altar of an unknown god.
   668 | D:2      | Learned a level 2 spell: Wereblood
   671 | D:2      | Learned a level 2 spell: Poisonous Vapours
   689 | D:2      | Reached XP level 3. HP: 27/28 MP: 6/6
  1264 | D:2      | You fall into a shaft and drop 1 floor!
  1302 | D:3      | Reached XP level 4. HP: 35/35 MP: 5/7
  1762 | D:3      | Noticed Sigmund
  1768 | D:3      | Killed Sigmund
  1769 | D:3      | Reached skill level 5 in Unarmed Combat
  1769 | D:3      | Reached XP level 5. HP: 21/40 MP: 6/9
  1776 | D:3      | Learned a level 4 spell: Ice Form
  2160 | D:3      | Noticed a black bear
  2167 | D:3      | Killed a black bear
  2168 | D:3      | Reached XP level 6. HP: 47/47 MP: 8/11
  2256 | D:3      | Found a broken altar of Ashenzari.
  2306 | D:3      | Found a shadowy altar of Dithmenos.
  2375 | D:3      | Became a worshipper of Dithmenos the Shadowed
  2510 | D:4      | Found a glowing drain.
  2532 | Sewer    | Entered a sewer
  2715 | Sewer    | Your scales start taking on a rich purple colour.
  2715 | Sewer    | Reached XP level 7. HP: 44/52 MP: 11/14
  2744 | Sewer    | Found a shimmering altar of Xom.
  2962 | D:4      | Reached skill level 5 in Spellcasting
  2964 | D:4      | Reached * piety under Dithmenos
  2986 | D:4      | Found a white marble altar of Elyvilon.
  3041 | D:4      | Reached skill level 1 in Air Magic
  3173 | D:4      | Found an ancient bone altar of Kikubaaqudgha.
  3320 | D:4      | Found a hazy altar of Hepliaklqana.
  3669 | D:5      | Entered Level 5 of the Dungeon
  3697 | D:5      | Found the +5 robe of Misfortune {Harm *Corrode *Slow EV+5}
  3716 | D:5      | Found a runed translucent door.
  3717 | D:5      | Noticed mandoloar's ghost (novice OpTm)
  3849 | D:5      | Reached skill level 5 in Transmutations
  3990 | D:5      | Noticed Edmund
  3999 | D:5      | Killed Edmund
  4000 | D:5      | Reached XP level 8. HP: 57/59 MP: 7/16
  4306 | D:5      | Noticed Pikel
  4347 | D:5      | Killed Pikel
  4589 | D:5      | Reached ** piety under Dithmenos
  4808 | D:5      | Found Zagafuso's Book Emporium.
  5172 | D:6      | Reached XP level 9. HP: 58/64 MP: 19/19
  5341 | D:6      | Found a hide-covered altar of Uskayaw.
  5403 | D:6      | Learned a level 2 spell: Passwall
  5407 | D:6      | Learned a level 3 spell: Mephitic Cloud
  5413 | D:6      | Learned a level 5 spell: Freezing Cloud
  5425 | D:6      | Noticed Maggie
  5482 | D:6      | Found a bloodstained altar of Trog.
  5934 | D:6      | Killed from afar by Maggie

Illustrated notes

Levels and vault maps discovered:
D:1:      lightli_arrival_statue_moat, layout_rooms,
          shapermc_ecumenical_altar_notcrosses
D:2:      layout_basic
D:3:      layout_loops_ring, nicolae_overflow_crystal_walls,
          nicolae_dithmenos_through_a_glass_darkly, minivault_19, uniq_sigmund
D:4:      layout_rooms, kiku_gazebo_garden_becter, nzn_hepliaklqana_mist_gate,
          elyvilon_altar_1, serial_bayou, serial_bayou_pond_e,
          serial_bayou_pond_b, serial_bayou_crossing, serial_bayou_lagoon_a,
          portal_sewer_entry_a
D:5:      layout_loops_ring, serial_shops, nicolae_shop_behind_doors,
          gammafunk_ghost_grave, uniq_pikel, uniq_edmund
D:6:      layout_basic, trog_three_pillars_becter,
          eat_drink_and_be_merry_uskayaw, minmay_temple_entry_statues_fountains,
          uniq_maggie

Skill      XL: |  1  2  3  4  5  6  7  8 |
---------------+-------------------------+-----
Unarmed Combat | 4 5 6 7 |  7.6
Spellcasting   | 3 4 5 7 |  7.4
Transmutations | 3 4 5 6 |  6.6
Air Magic      | 2 4 |  4.8
Fighting       | |  1.1
Dodging        | |  1.7

Action                     |  1- 3 |  4- 6 |  7- 9 || total
---------------------------+-------+-------+-------++-------
  Melee: Unarmed           |    79 |   107 |   312 ||   498
         Tailslap          |     5 |    12 |    48 ||    65
         Kick              |    18 |    23 |    88 ||   129
         Headbutt          |     5 |    22 |    57 ||    84
         Punch             |     1 |       |    12 ||    13
   Cast: Beastly Appendage |    23 |    20 |    35 ||    78
         Poisonous Vapours |       |       |     4 ||     4
         Wereblood         |       |       |     5 ||     5
         Ice Form          |       |       |     1 ||     1
  Evoke: Wand              |       |     1 |     4 ||     5
    Use: Scroll            |       |     3 |     7 ||    10
         Potion            |       |       |     2 ||     2
   Stab: Sleeping          |     1 |       |       ||     1
 Armour: Skin              |    22 |    24 |    73 ||   119
  Dodge: Dodged            |    41 |    53 |   162 ||   256
  Block: Other             |     7 |    20 |    63 ||    90
         Reflection        |       |       |     1 ||     1

Table legend: (Time is in decaauts)
 A = Elapsed time spent in this place.
 B = Non-inter-level travel time spent in this place.
 C = Inter-level travel time spent in this place.
 D = Time resting spent in this place.
 E = Time spent auto-exploring this place.
 F = Levels seen in this place.
 G = Mean time per level.
                   A        B        C        D        E       F      G
               +--------+--------+--------+--------+--------+-----+--------+
         Total |   5925 |   5796 |    129 |    567 |   3687 |   7 |  846.4 |
       Dungeon |   5512 |   5383 |    129 |    567 |   3456 |   6 |  918.7 |
         Sewer |    413 |    413 |      0 |      0 |    230 |   1 |  413.0 |
               +--------+--------+--------+--------+--------+-----+--------+

Top non-repeatable levels by time:
     D:5: 1434 daAuts
     D:2: 1048 daAuts
     D:4: 936 daAuts
     D:3: 772 daAuts
     D:6: 684 daAuts
     D:1: 636 daAuts
   Sewer: 413 daAuts
